cohdb
Replays
Latest Replays
All Replays
Popular Replays
Top Player Replays
Match Explorer
How It Works
Community
CoH3 Stats
Reddit
Sign in to upload your games and track your stats! →
Sign in with Steam
Match 39239147
Unlisted
Match 39239147
Overview
Messages
Build Orders
End
Selects Italian Combined Arms Battlegroup
Selects Bersaglieri Squad
Bersaglieri Squad
Bersaglieri Squad
Construct Light Support Kompanie
Selects Bersaglieri Bolster
Bersaglieri Squad
2.5-tonne Medical Truck
Construct Mechanized Kompanie
Veteran Squad Leaders
Construct Panzerarmee Kommand
Selects Breda Model 30 Light Machine Guns
Bersaglieri Squad
Selects Semovente da 75/18 Assault Gun
Armored Reserves
StuG Assault Group
Selects Strafing Run
Panzergrenadier Squad
Strafing Run
Support Armor Elements
MG34 Team
Emergency Repair Kits
Vehicle Survival Package
Rapid Advance
Advanced Optics
Bersaglieri Squad
Strafing Run
Tiger Heavy Tank
Strafing Run
疯癫
炼金剑士
Consumption
Prop
Honey
khj
Abeli
Norycaii
0
0
Comments
sign in to comment!
No comments posted yet!